 Dungeon Crawl Stone Soup version 0.30-a0-639-g3916f1956a (webtiles) character file.

Game seed: 10095705851242458048

34279 lesbiats the Brawler (level 13, -8/131 HPs)
             Began as a Troll Fighter on Jan 16, 2023.
             Was a Priest of Wu Jian.
             Mangled by a wolf spider (12 damage)
             ... summoned by a worldbinder
             ... on level 2 of the Abyss on Jan 17, 2023.
             The game lasted 01:10:23 (17024 turns).

lesbiats the Brawler (Troll Fighter)               Turns: 17024, Time: 01:10:24

Health: -8/131     AC:  4    Str: 26 (27) XL:     13   Next: 41%
Magic:  12/12      EV: 10    Int:  8      God:    Wu Jian [***...]
Gold:   1448       SH:  0    Dex:  9      Spells: 9/12 levels left

rFire   . . .      SeeInvis +      - Unarmed
rCold   . . .      Faith    .    b - +0 kite shield
rNeg    . . .      Spirit   .    j - +0 acid dragon scales
rPois   +          Reflect  .    (helmet restricted)
rElec   .          Harm     .    M - scarf {repulsion}
rCorr   +          Rampage  .    (gloves unavailable)
Will    .....                    (boots unavailable)
Stlth   +                        (no amulet)
HPRegen 1.21/turn                X - +4 ring of slaying
MPRegen 0.13/turn                J - ring "Falics" {*Corrode Fly rPois Dex+4 SInv Stlth+}

@: confused, corroded, flying, hasted, repel missiles, unable to read, unable to
drink, very quick
A: large, unfitting armour, claws 3, regeneration 1, shaggy fur 1, tough skin 1,
[clumsy 2], [deterioration 2], [screaming 2], [no potion heal 2], [inability to
drink after injury 2], [inability to read after injury 2]
a: Renounce Religion, Wall Jump, Serpent's Lash


You were on level 2 of the Abyss.
You worshipped Wu Jian.
Wu Jian was most pleased with you.
You visited 3 branches of the dungeon, and saw 16 of its levels.
You visited the Abyss 1 time.
You also visited: Bailey.

You collected 3037 gold pieces.
You spent 1589 gold pieces at shops.

Inventory:

Hand Weapons
 x - a +6 quarterstaff
Missiles
 f - 58 poisoned darts (quivered)
 s - 6 large rocks
 y - 3 curare-tipped darts
 C - 25 boomerangs
 D - 5 javelins
 N - 6 atropa-tipped darts
Armour
 b - a +0 kite shield (worn)
 e - a scarf of resistance
 j - +0 acid dragon scales (worn)
 k - a +1 robe of fire resistance
 M - a scarf of repulsion (worn)
Magical Staves
 h - a staff of conjuration
Jewellery
 a - a +6 ring of strength
 v - the ring of the Tortoise {AC+8}
   (You found it on level 11 of the Dungeon)

   [ring of protection]

   AC:        It affects your AC (+8).
 J - the ring "Falics" (right claw) {*Corrode Fly rPois Dex+4 SInv Stlth+}
   (You found it on level 7 of the Dungeon)

   [ring of flight]

   Dex:       It affects your dexterity (+4).
   rPois:     It protects you from poison.
   SInv:      It lets you see invisible.
   Fly:       It grants you flight.
   *Corrode:  It may corrode you when you take damage.
   Stlth:     It makes you more stealthy.
 X - a +4 ring of slaying (left claw)
Wands
 F - a wand of flame (34)
 P - a wand of digging (2)
 S - a wand of charming (5)
Scrolls
 d - 3 scrolls of vulnerability
 g - 3 scrolls of poison
 l - a scroll of butterflies {unknown}
 o - 3 scrolls of silence
 q - 10 scrolls of teleportation
 r - a scroll of noise {unknown}
 t - 7 scrolls of fog
 B - 3 scrolls of magic mapping
 L - 2 scrolls of torment
 Q - a scroll of blinking
 R - 3 scrolls of immolation
 U - a scroll of enchant weapon {unknown}
 V - 2 scrolls of fear
Potions
 c - 4 potions of might
 i - 14 potions of curing
 m - 2 potions of invisibility
 n - 3 potions of heal wounds
 p - 13 potions of flight
 u - 2 potions of resistance
 w - 4 potions of lignification
 z - 4 potions of ambrosia
 E - a potion of attraction {unknown}
 G - 2 potions of haste
 K - 2 potions of mutation {unknown}


   Skills:
 + Level 9.5 Fighting
 + Level 8.1 Dodging
 + Level 10.4 Shields
 * Level 15.2 Unarmed Combat


You had 9 spell levels left.
You knew the following spells:

 Your Spells              Type           Power      Damage    Failure   Level
a - Passwall              Tmut/Erth      0%         N/A       83%         2
b - Apportation           Tloc           0%         N/A       69%         1

Your spell library contained the following spells:

 Spells                   Type           Power      Damage    Failure   Level
 Sandblast                Erth           0%         2d4       69%         1
 Cigotuvi's Dreadful Rot  Necr/Pois/Air  0%         N/A       83%         2
 Poisonous Vapours        Pois/Air       0%         N/A       83%         2
 Call Canine Familiar     Summ           0%         N/A       96%         3
 Mephitic Cloud           Conj/Pois/Air  0%         N/A       96%         3
 Ozocubu's Armour         Ice            0%         N/A       96%         3
 Portal Projectile        Hex/Tloc       0%         N/A       96%         3
 Stone Arrow              Conj/Erth      0%         3d7       96%         3
 Vhi's Electric Charge    Tloc/Air       0%         N/A       96%         3
 Animate Dead             Necr           0%         N/A       100%        4
 Leda's Liquefaction      Hex/Erth       0%         N/A       100%        4
 Alistair's Intoxication  Tmut/Pois      0%         N/A       100%        5
 Arcjolt                  Conj/Air       0%         1d10      100%        5
 Fireball                 Conj/Fire      0%         3d3       100%        5
 Iskenderun's Battlesphe  Conj           0%         2d6       100%        5
 Conjure Ball Lightning   Conj/Air       0%         3x3d6     100%        6
 Haunt                    Necr/Summ      0%         N/A       100%        7
 Orb of Destruction       Conj           0%         9d5       100%        7
 Ozocubu's Refrigeration  Ice            0%         4d7       100%        7
 Infestation              Necr           0%         N/A       100%        8
 Maxwell's Capacitive Co  Air            0%         ∞         100%        8


Dungeon Overview and Level Annotations

Branches:
Dungeon (11/15)            Temple (1/1) D:7            Lair (4/5) D:8
  Swamp (0/4) Lair:2       Spider (0/4) Lair:3        Slime (0/5) Lair:4
 Bailey (visited)
    Orc: D:9-12

Altars:
Ashenzari
Cheibriados
Dithmenos
Elyvilon
Fedhas
Gozag
Hepliaklqana
Kikubaaqudgha
Makhleb
Nemelex Xobeh
Okawaru
Qazlal
Ru
Sif Muna
Trog
Uskayaw
Vehumet
Wu Jian
Xom
Yredelemnul
Zin
The Shining One
Jiyva

Shops:
D:5 (   D:7 ![   D:8 !   D:11 ?

Annotations:
D:10 2 transporters, crescentfresh's ghost, journeyman TeCj
D:11 Erolcha
Lair:1 2 transporters, Cecaju's ghost, journeyman OgCA


Innate Abilities, Weirdness & Mutations

You are too large for most types of armour.
You have claws for hands.
Your natural rate of healing is unusually fast.
You are covered in fur. (AC +1)
You have tough skin. (AC +1)
[You are very clumsy. (Dex -4)]
[Your body often deteriorates upon taking damage.]
[You frequently scream uncontrollably at your foes.]
[Potions cannot restore your health.]
[You sometimes lose the ability to drink potions when taking damage.]
[You sometimes lose the ability to read scrolls when taking damage.]


Message History

The worldbinder hits you. The worldbinder misses you.
The worldbinder attacks as you move away!
The worldbinder misses you.
The worldbinder hits you but does no damage.
The tarantella attacks as you move away!
The tarantella touches you!
You feel yourself speed up.
The rakshasa blinks!
The worldbinder hits you. x2
The wolf spider disappears in a puff of smoke!
The small abomination hits you!
* * * LOW HITPOINT WARNING * * *
The worldbinder calls forth creatures from the Spider Nest!
You bump into the metal wall.
A starcursed mass comes into view.
The tarantella closely misses you.
You're too confused to move!
The tarantella touches you but does no damage.
The small abomination hits you.
* * * LOW HITPOINT WARNING * * *
The worldbinder closely misses you. The worldbinder hits you.
* * * LOW HITPOINT WARNING * * *
The tarantella touches you but does no damage.
You bump into the metal wall.
The tarantella touches you.
* * * LOW HITPOINT WARNING * * *
The worldbinder calls forth creatures from the Spider Nest!
The tarantella touches you but does no damage.
You are too confused!
You claw the wolf spider!
The wolf spider is moderately wounded.
The tarantella disappears in a puff of smoke!
A starcursed mass splits.
The small abomination hits you!
* * * LOW HITPOINT WARNING * * *
You bump into the metal wall.
The tarantella disappears in a puff of smoke!
The wolf spider hits you!
* * * LOW HITPOINT WARNING * * *
Your body deteriorates!
You feel weakened. The wolf spider bites you!
You die...

.# ##...# ....
...# # § .. ..#
#. ..#.##.##.##
#
#e.###§##.#...#
.## #...#.. .#
#....
#......#.#...#
# ..#t.#x.#..#
#.#.##x@§s.# #
.#..s#..##
.#..#.#.##
...#s.# .. .#
X.#..#. #..
.#X###... .
..#.# # ## ..


You could see 2 starcursed masses, a wolf spider (summoned), an apocalypse crab,
a worldbinder, a tarantella (summoned) and a small abomination.

Vanquished Creatures
  A fire dragon (Lair:1)
  5 death yaks
  2 two-headed ogres
  A thrashing horror (Abyss:2)
  Sonja (Lair:2)
  A shadow wraith (Abyss:2)
  2 cyclopes
  2 black mambas
  A guardian serpent (Abyss:2)
  3 elephants (Lair:4)
  9 cane toads
  A torpor snail (Lair:1)
  3 rime drakes
  A freezing wraith (Abyss:2)
  10 komodo dragons
  Psyche (D:10)
  4 trolls
  2 polar bears
  Prince Ribbit (D:7)
  A meliai (Lair:3)
  9 blink frogs
  4 raiju (Abyss:2)
  3 small abominations (Abyss:2)
  2 shadows (Abyss:2)
  A slime creature (Lair:2)
  5 wyverns
  A wraith (Abyss:2)
  2 large abominations (Abyss:2)
  22 yaks
  3 steam dragons
  A chaos spawn (Abyss:2)
  4 acid dragons
  Duvessa (D:7)
  16 water moccasins
  A swamp drake (Lair:2)
  5 ice beasts
  7 orc warriors
  3 sky beasts (D:7)
  5 black bears
  6 wolves
  5 ogres
  4 centaurs
  3 phantoms
  4 kobold brigands
  14 bullfrogs
  A gnoll sergeant (D:9)
  2 necrophages (D:5)
  A wight (D:8)
  Dowan (D:7)
  4 killer bees (Lair:3)
  8 howler monkeys
  8 jellies
  3 orc priests
  4 hounds
  2 gnoll boudas
  5 iguanas
  15 orc wizards
  17 gnolls
  11 adders
  A worm (D:4)
  A dart slug (D:1)
  38 orcs
  6 bats
  13 endoplasms
  2 giant cockroaches
  12 goblins
  10 hobgoblins
  6 quokkas
  4 ball pythons
  2 frilled lizards
  37 kobolds
  7 rats
404 creatures vanquished.

Vanquished Creatures (others)
  A goblin (D:7)
  42 fungi
  47 plants
90 creatures vanquished.

Grand Total: 494 creatures vanquished

Notes
Turn   | Place    | Note
-------+----------+-------------------------------------------
     0 | D:1      | lesbiats the Troll Fighter began the quest for the Orb.
     0 | D:1      | Reached XP level 1. HP: 22/22 MP: 0/0
   215 | D:1      | Reached XP level 2. HP: 25/29 MP: 1/1
  1292 | D:2      | Reached XP level 3. HP: 36/36 MP: 2/2
  1319 | D:2      | Reached skill level 3 in Unarmed Combat
  1331 | D:2      | Found a faded altar of an unknown god.
  1473 | D:2      | Reached XP level 4. HP: 35/44 MP: 3/3
  1964 | D:3      | Reached skill level 4 in Unarmed Combat
  1964 | D:3      | Reached XP level 5. HP: 51/53 MP: 4/4
  1974 | D:3      | Learned a level 2 spell: Passwall
  2051 | D:3      | Noticed a black bear
  2446 | D:3      | Killed a black bear
  2954 | D:4      | Reached XP level 6. HP: 61/61 MP: 5/5
  2995 | D:4      | Identified the +4 war axe "Lirr" {holy, Fly Will+ rCorr}
  3017 | D:3      | Reached skill level 5 in Unarmed Combat
  3179 | D:4      | You fall into a shaft and drop 2 floors!
  3242 | D:6      | Reached XP level 7. HP: 8/68 MP: 6/6
  3338 | D:5      | Entered Level 5 of the Dungeon
  3343 | D:5      | Found a radiant altar of Vehumet.
  3354 | D:5      | Found Unuamopy's Antique Weapon Boutique.
  3751 | D:4      | Found a basalt altar of Yredelemnul.
  3825 | D:5      | Reached skill level 6 in Unarmed Combat
  3856 | D:5      | Found a shimmering blue altar of Sif Muna.
  3859 | D:5      | Found a blossoming altar of Fedhas.
  3894 | D:5      | Noticed a steam dragon
  3923 | D:5      | HP: 3/70 [steam dragon (9)]
  3924 | D:5      | Killed a steam dragon
  4151 | D:5      | Reached skill level 5 in Shields
  4151 | D:5      | Reached XP level 8. HP: 75/79 MP: 7/7
  4241 | D:5      | Reached skill level 7 in Unarmed Combat
  4432 | D:5      | Found a snail-covered altar of Cheibriados.
  4433 | D:5      | Found a burning altar of Makhleb.
  4706 | D:6      | Reached skill level 5 in Fighting
  4751 | D:6      | Reached skill level 8 in Unarmed Combat
  5084 | D:7      | Found Giwkizan's Distillery.
  5091 | D:7      | Bought a potion of haste for 120 gold pieces
  5091 | D:7      | Bought a potion of lignification for 36 gold pieces
  5116 | D:7      | Found a flagged portal.
  5135 | D:7      | Reached XP level 9. HP: 52/88 MP: 8/8
  5170 | Bailey   | Entered a bailey
  5223 | Bailey   | Identified the ring of Gafolani {Ice Will- Str+8 Dex+2
                  | Stlth+}
  5776 | Bailey   | Reached skill level 9 in Unarmed Combat
  5948 | D:7      | Identified the ring "Falics" {*Corrode Fly rPois Dex+4 SInv
                  | Stlth+}
  5969 | D:7      | Noticed a two-headed ogre
  6113 | D:7      | Found a glowing silver altar of Zin.
  6206 | D:7      | Learned a level 1 spell: Apportation
  6260 | D:7      | Found Ebloen's Distillery.
  6268 | D:7      | Noticed Prince Ribbit
  6287 | D:7      | Killed Prince Ribbit
  6433 | D:7      | Found Kelaath's Antique Armour Boutique.
  6447 | D:7      | Bought an embroidered scarf for 240 gold pieces
  6536 | D:7      | Noticed Duvessa
  6552 | D:7      | Killed Duvessa
  6653 | D:7      | Noticed Dowan
  6662 | D:7      | Killed Dowan
  6663 | D:7      | Reached skill level 10 in Unarmed Combat
  6719 | D:7      | Found a staircase to the Ecumenical Temple.
  6726 | Temple   | Entered the Ecumenical Temple
  7214 | D:7      | Killed a two-headed ogre
  7215 | D:7      | Reached XP level 10. HP: 32/100 MP: 9/9
  7671 | D:8      | Found Luoq's Distillery.
  7689 | D:8      | Bought a potion of heal wounds for 70 gold pieces
  7689 | D:8      | Bought a potion of lignification for 42 gold pieces
  7779 | D:8      | Found a staircase to the Lair.
  7822 | D:8      | HP: 4/100 [polar bear (13)]
  7968 | D:8      | Found a stormy altar of Qazlal.
  8197 | D:8      | Reached skill level 11 in Unarmed Combat
  8890 | D:9      | Reached skill level 5 in Dodging
  9862 | D:8      | Bought a potion of ambrosia for 112 gold pieces
  9862 | D:8      | Bought a potion of curing for 42 gold pieces
  9862 | D:8      | Bought a potion of haste for 140 gold pieces
  9862 | D:8      | Bought a potion of curing for 42 gold pieces
  9901 | D:7      | Bought a potion of brilliance for 48 gold pieces
  9901 | D:7      | Bought a potion of magic for 96 gold pieces
  9901 | D:7      | Bought a potion of ambrosia for 96 gold pieces
  9911 | D:7      | Bought a potion of curing for 45 gold pieces
  9911 | D:7      | Bought a potion of curing for 45 gold pieces
  9911 | D:7      | Bought a potion of curing for 45 gold pieces
  9911 | D:7      | Bought a potion of curing for 45 gold pieces
  9911 | D:7      | Bought a potion of haste for 150 gold pieces
  9911 | D:7      | Bought a potion of flight for 45 gold pieces
  9997 | Lair:1   | Entered Level 1 of the Lair of Beasts
 10023 | Lair:1   | Noticed a torpor snail
 10125 | Lair:1   | Killed a torpor snail
 10126 | Lair:1   | Reached XP level 11. HP: 59/109 MP: 10/10
 10236 | Lair:1   | Found a transporter.
 10237 | Lair:1   | Noticed Cecaju's ghost (journeyman OgCA)
 10273 | Lair:1   | Found a transporter.
 10663 | D:8      | Reached skill level 12 in Unarmed Combat
 10821 | D:10     | Entered Level 10 of the Dungeon
 11236 | D:10     | Noticed crescentfresh's ghost (journeyman TeCj)
 11247 | D:10     | Found a transporter.
 11289 | D:10     | Found a transporter.
 11341 | D:10     | Noticed Psyche
 11345 | D:10     | Killed Psyche
 11381 | D:10     | Found an ornate altar of the Wu Jian Council.
 11389 | D:10     | Became a worshipper of the Wu Jian Council
 11420 | D:10     | Noticed a two-headed ogre
 11424 | D:10     | Killed a two-headed ogre
 12233 | Lair:1   | Noticed a fire dragon
 12433 | Lair:1   | Reached skill level 13 in Unarmed Combat
 12570 | Lair:1   | Killed a fire dragon
 12906 | Lair:2   | Reached XP level 12. HP: 120/120 MP: 11/11
 13048 | Lair:2   | Reached * piety under Wu Jian
 13059 | Lair:2   | Found a staircase to the Swamp.
 13073 | Lair:2   | Noticed Sonja
 13137 | Lair:2   | Killed Sonja
 14052 | Lair:3   | Noticed a death yak
 14071 | Lair:4   | Reached ** piety under Wu Jian
 14119 | Lair:3   | Noticed a death yak
 14119 | Lair:3   | Noticed a death yak
 14122 | Lair:3   | Noticed a death yak
 14128 | Lair:4   | Killed a death yak
 14621 | Lair:3   | Reached skill level 14 in Unarmed Combat
 14829 | Lair:3   | Noticed a death yak
 14832 | Lair:3   | Found a hole to the Spider Nest.
 14842 | Lair:3   | Killed a death yak
 14850 | Lair:3   | Killed a death yak
 14852 | Lair:3   | Killed a death yak
 14921 | Lair:3   | Identified the +9 sling of Proximity {flame, *Slow rElec
                  | Str+2}
 15113 | Lair:3   | Killed a death yak
 15498 | Lair:4   | Found a staircase to the Slime Pits.
 15516 | Lair:4   | Found a viscous altar of Jiyva.
 15606 | Lair:4   | Reached skill level 10 in Shields
 15606 | Lair:4   | Reached XP level 13. HP: 112/131 MP: 12/12
 15748 | Lair:4   | Reached *** piety under Wu Jian
 16486 | D:11     | Found the ring of the Tortoise {AC+8}
 16572 | D:11     | Found Boapriwe's Magic Scroll Shoppe.
 16578 | D:11     | Bought a scroll of immolation for 52 gold pieces
 16578 | D:11     | Bought a scroll of fog for 52 gold pieces
 16578 | D:11     | Bought a scroll of identify for 26 gold pieces
 16638 | D:11     | Noticed Erolcha
 16656 | Abyss:2  | Cast into level 2 of the Abyss (Erolcha)
 16669 | Abyss:2  | Reached skill level 15 in Unarmed Combat
 16670 | Abyss:2  | Found a corrupted altar of Lugonu.
 16705 | Abyss:2  | Found a corrupted altar of Lugonu.
 16705 | Abyss:2  | Found a corrupted altar of Lugonu.
 16784 | Abyss:2  | Noticed a tentacled starspawn
 16944 | Abyss:2  | Noticed a tentacled starspawn
 16947 | Abyss:2  | Noticed a starcursed mass
 16953 | Abyss:2  | Found a corrupted altar of Lugonu.
 16993 | Abyss:2  | Paralysed by you for 3 turns
 17008 | Abyss:2  | Noticed a deep elf sorcerer
 17020 | Abyss:2  | Noticed a starcursed mass
 17024 | Abyss:2  | HP: 4/131 [wolf spider[a worldbinder] (17)]
 17024 | Abyss:2  | Mangled by a wolf spider

Illustrated notes

Levels and vault maps discovered:
D:1:      dpeg_arrival_simpleton_a, layout_basic, serial_co_window_serial,
          co_window_corner_a, co_window_paths_a, co_window_paths_a,
          co_window_paths_a, co_window_paths_b, co_window_corner_a,
          co_window_paths_a, co_window_corner_a, co_window_paths_b,
          co_window_broadway_c, co_window_of_opportunity_b, co_window_corner_ca,
          glass_columns_c, glass_columns_b, glass_columns_a, glass_columns_c,
          minmay_pentomino_o4
D:2:      layout_rooms, basic_ecumenical_altar
D:3:      layout_loops_corners, serial_aquarium, aquarium_bridge_square
          [aquarium_subvault_bridge, aquarium_subvault_wall,
          aquarium_subvault_bridge, aquarium_subvault_bridge],
          aquarium_window_corner, aquarium_window_2, aquarium_window_2,
          aquarium_window_2, aquarium_view_2f, aquarium_view_2d
D:4:      layout_cave_pools, mainiacjoe_overflow_alcove_4, dk_noncrumbling_3
D:5:      kennysheep_steamy, layout_cave_pools, vehumet_crystals,
          mainiacjoe_overflow_divided_tiny, mainiacjoe_overflow_catwalk_spiral,
          serial_shops, shop_fountains, chequers_serial_rivers_small_3,
          serial_bayou_crossing
D:6:      layout_rooms
D:7:      minmay_chambers_of_fours, layout_rooms, zin_scriptorium,
          minmay_temple_entry_enclosed_plants, serial_shops, nicolae_shop_stone,
          shop, shop, enter_bailey_5, minmay_misc_feat_five,
          kennysheep_another_room, kennysheep_generic_room_12, uniq_duvessa,
          uniq_prince_ribbit1
D:8:      minmay_goldmine, layout_basic, nicolae_qazlal_scattered_showers,
          hellmonk_lair_entry_icy, serial_shops, nicolae_shop_crystal,
          wad_rectangle_vault
D:9:      layout_roguey
D:10:     layout_loops_ring, nzn_wu_jian_contemplation,
          gammafunk_ghost_stat_death, grunt_ministairs_14, uniq_psyche
D:11:     layout_irregular_city, nicolae_stop_n_shop_1, uniq_erolcha
Temple:   nicolae_temple_figure_eight
Lair:1:   dragon1_lemuel, layout_chaotic_city,
          gammafunk_ghost_berserking_beasts, grunt_megastairs_3,
          serial_bayou_shore_a
Lair:2:   lemuel_slime, layout_chaotic_city, minmay_swamp_entry_reptiles,
          uniq_sonja
Lair:3:   layout_hall_layers, hellmonk_spider_entry_not_the_bees,
          beast_lair_carwin_7
Lair:4:   layout_regular_city, nicolae_slime_entry_slimehenge,
          nicolae_lair_grazing_beasts [nicolae_sub_lair_graze_edge,
          nicolae_sub_lair_graze_edge, nicolae_sub_lair_graze_edge,
          nicolae_sub_lair_graze_edge]
Abyss:2:  base: Lair:3, hangedman_eye_storm, evilmike_abyss_exit_chaos

Skill      XL: |  1  2  3  4  5  6  7  8  9 10 11 12 13 |
---------------+----------------------------------------+-----
Shields        | 3 4 5 6 7 8 10 | 10.4
Unarmed Combat | 3 4 5 6 8 10 11 13 14 15 | 15.2
Fighting       | 3 4 5 6 7 8 9 |  9.5
Dodging        | 4 5 6 7 8 |  8.1

Action                   |  1- 3 |  4- 6 |  7- 9 | 10-12 | 13-15 || total
-------------------------+-------+-------+-------+-------+-------++-------
Melee: Unarmed           |    99 |    99 |   285 |   725 |   159 ||  1367
       War axe           |       |       |     6 |       |       ||     6
Throw: Dart              |       |       |    13 |     2 |       ||    15
       Boomerang         |       |       |    21 |       |       ||    21
       Throwing net      |       |       |     1 |       |       ||     1
Invok: Lunge             |       |       |       |    23 |    18 ||    41
       Whirlwind         |       |       |       |    40 |    52 ||    92
Evoke: Wand              |       |       |       |     1 |       ||     1
  Use: Scroll            |       |       |     7 |     8 |     2 ||    17
       Potion            |       |       |       |     9 |     1 ||    10
 Stab: Sleeping          |     2 |       |     2 |     5 |     1 ||    10
Armor: Robe              |    32 |    28 |    85 |    69 |       ||   214
       Acid dragon scale |       |       |       |    54 |    23 ||    77
Dodge: Dodged            |    28 |    22 |   101 |   261 |    43 ||   455
       Repelled          |       |       |       |     7 |     1 ||     8
Block: Kite shield       |    42 |    34 |   143 |   373 |    41 ||   633

Table legend: (Time is in decaauts)
 A = Elapsed time spent in this place.
 B = Non-inter-level travel time spent in this place.
 C = Inter-level travel time spent in this place.
 D = Time resting spent in this place.
 E = Time spent auto-exploring this place.
 F = Levels seen in this place.
 G = Mean time per level.
                   A        B        C        D        E       F      G
               +--------+--------+--------+--------+--------+-----+--------+
         Total |  16952 |  14514 |   2438 |   1953 |   7349 |  18 |  941.8 |
       Dungeon |  10707 |   9026 |   1681 |   1030 |   5047 |  11 |  973.4 |
        Temple |    221 |    198 |     23 |      0 |    191 |   1 |  221.0 |
          Lair |   5002 |   4268 |    734 |    724 |   2056 |   4 | 1250.5 |
         Abyss |    340 |    340 |      0 |     32 |      0 |   1 |  340.0 |
        Bailey |    680 |    680 |      0 |    167 |     55 |   1 |  680.0 |
               +--------+--------+--------+--------+--------+-----+--------+

Top non-repeatable levels by time:
  Lair:1: 1898 daAuts
     D:7: 1811 daAuts
     D:8: 1377 daAuts
     D:3: 1273 daAuts
     D:1: 1167 daAuts
  Lair:4: 1120 daAuts
     D:9: 1047 daAuts
  Lair:3: 1043 daAuts
  Lair:2: 939 daAuts
     D:5: 921 daAuts
    D:10: 867 daAuts
     D:6: 748 daAuts
  Bailey: 680 daAuts
     D:4: 633 daAuts
     D:2: 556 daAuts
